 Dungeon Crawl Stone Soup version 0.31-a0-836-g3ceb0a68c4 (webtiles) character file.

Game seed: 15039863180956415279

9181 Kurtz the Cleaver (level 11, -10/74 HPs)
             Began as an Octopode Fighter on Sept 27, 2023.
             Was a High Priest of Okawaru.
             Mangled by a yak (14 damage)
             ... on level 10 of the Dungeon.
             The game lasted 00:17:06 (12291 turns).

Kurtz the Cleaver (Octopode Fighter)               Turns: 12291, Time: 00:17:07

Health: -10/74     AC:  3    Str: 25    XL:     11   Next: 42%
Magic:  0/11       EV: 19    Int: 11    God:    Okawaru [*****.]
Gold:   490        SH: 11    Dex: 18    Spells: 6/10 levels left

rFire   . . .        P - +4 hand axe
rCold   . . .        F - +0 kite shield
rNeg    . . .        y - +2 hat
rPois   +            s - amulet of guardian spirit
rElec   .            c - ring of willpower
rCorr   .            u - ring of wizardry
SInv    .            v - ring of flight
Will    +....        z - +6 ring of dexterity
Stlth   ++++         L - +6 ring of strength
HPRegen 0.32/turn    N - ring of poison resistance
MPRegen 0.12/turn    (no ring)
                     (no ring)

%: guardian spirit, wizardry (x1)
@: flying
A: almost no armour, amphibious, 8 rings, camouflage 1, gelatinous body 1,
nimble swimmer 1, tentacles
a: Renounce Religion, Heroism, Finesse, Duel


You were on level 10 of the Dungeon.
You worshipped Okawaru.
Okawaru was extremely pleased with you.
You visited 2 branches of the dungeon, and saw 12 of its levels.
You also visited: Bailey.

You collected 790 gold pieces.
You spent 300 gold pieces at shops.

Inventory:

Hand Weapons
 a - a +0 war axe
 d - a +0 broad axe
 n - a +1 flail of protection
 B - a +0 whip of freezing
 H - a +0 whip of electrocution
 P - a +4 hand axe (weapon)
Missiles
 g - 20 poisoned darts (quivered)
 h - 18 boomerangs
 E - a throwing net
Armour
 y - a +2 hat (worn)
 F - a +0 kite shield (worn)
Jewellery
 c - a ring of willpower (left tentacle)
 f - a ring of ice
 s - an amulet of guardian spirit (around mantle)
 u - a ring of wizardry (right tentacle)
 v - a ring of flight (on tentacle)
 z - a +6 ring of dexterity (on tentacle)
 J - an amulet of magic regeneration
 L - a +6 ring of strength (on tentacle)
 N - a ring of poison resistance (on tentacle)
 S - a ring of fire
Wands
 m - a wand of flame (32)
 G - a wand of digging (9)
 T - a wand of mindburst (1)
Scrolls
 b - 2 scrolls of enchant weapon
 j - 6 scrolls of fog
 k - 3 scrolls of teleportation
 o - a scroll of immolation
 r - a scroll of vulnerability
 t - 2 scrolls of fear {unknown}
 w - a scroll of amnesia
 A - 3 scrolls of blinking
 I - a scroll of noise {unknown}
 K - 3 scrolls of acquirement {unknown}
 M - a scroll of brand weapon {unknown}
 Q - 2 scrolls of enchant armour {unknown}
Potions
 e - 3 potions of heal wounds
 i - a potion of brilliance
 l - 6 potions of curing
 p - 2 potions of enlightenment
 q - a potion of cancellation {unknown}
 x - a potion of might
 C - 5 potions of haste
 D - 2 potions of lignification
 O - a potion of mutation {unknown}
 R - a potion of experience


   Skills:
 * Level 6.4 Fighting
 + Level 11.4 Axes
 * Level 10.9 Dodging
 * Level 7.1 Shields


You had 6 spell levels left.
You knew the following spells:

 Your Spells              Type           Power      Damage    Failure   Level
a - Summon Ice Beast      Ice/Summ       0%         N/A       92%         4

Your spell library contained the following spells:

 Spells                   Type           Power      Damage    Failure   Level
 Hailstorm                Conj/Ice       0%         3d3       58%         3
 Simulacrum               Ice/Necr       Unusable   N/A       N/A         6

Dungeon Overview and Level Annotations

Branches:
Dungeon (11/15)            Temple (1/1) D:5            Lair (0/5) D:8
 Bailey (visited)
    Orc: D:9-12

Altars:
Ashenzari
Cheibriados
Dithmenos
Elyvilon
Fedhas
Gozag
Hepliaklqana
Kikubaaqudgha
Makhleb
Nemelex Xobeh
Okawaru
Qazlal
Ru
Sif Muna
Trog
Uskayaw
Vehumet
Wu Jian
Xom
Yredelemnul
Zin
The Shining One

Shops:
D:9 =   D:10 [

Annotations:
D:7 2 transporters, exclusion: downstairs, bahustanut's ghost, novice OpSh


Innate Abilities, Weirdness & Mutations

You cannot wear most types of armour.
You are amphibious.
You can wear up to eight rings at the same time.
Your skin changes colour to match your surroundings (Stealth+).
Your rubbery body absorbs attacks. (AC +1, EV +1)
You are camouflaged when in or above water. (Stealth+)
You have tentacles for arms and can constrict up to eight enemies at once.


Message History

You hit the yak.
The yak is heavily wounded.
You hit the yak but do no damage. You hit the yak. You block the yak's attack.
The yak barely misses you. The yak gores you!
The yak attacks as it pursues you! You block the yak's attack.
The yak gores you! x2
You see here a +2 shortbow of flaming.
The yak attacks as it pursues you! You block the yak's attack.
The yak completely misses you. The yak attacks as it pursues you!
The yak gores you but does no damage.
You slash the yak! You squeeze the yak, but do no damage.
The yak is severely wounded.
You barely miss the yak. You hit the yak. The yak misses you.
Unknown command.
You barely miss the yak. Your squeeze misses the yak.
The yak is severely wounded.
You hit the yak. x2; You block the yak's attack. x2; The yak gores you.
You completely miss the yak.
The yak is severely wounded.
You slash the yak! You hit the yak. The yak gores you!
You block the yak's attack. x2
Unknown command.
You slash the yak!
The yak is severely wounded.
You completely miss the yak. You barely miss the yak.
The yak barely misses you. x2; The yak misses you.
Unknown command.
You hit the yak but do no damage.
The yak is severely wounded.
You hit the yak. You hit the yak but do no damage. The yak gores you!
* * * LOW HITPOINT WARNING * * *
The yak barely misses you. You block the yak's attack.
Unknown command.
You hit the yak. You squeeze the yak.
You kill the yak!
Okawaru accepts your kill.
You hit the yak. You hit the yak but do no damage. The yak gores you!
* * * LOW HITPOINT WARNING * * *
The yak gores you!
You die...

....#..##.⌠.⌠.#.#######..#
....#..##.....#####..##..#
....##+####'###..#...#...#
........#........#...#...#
........#............#^<.#
........##.~~~~)~~.#'##..#
####.......≈####≈~.>.##..#
#.......~#>.#≈Y†......#
#..)....~#.)'@~)>.....#
####)......~#.)'~Y..###..#
....)#####.~#..'≈≈..###..#
.....#.....≈#∩.#≈~.......#
.....#.....~####≈~.......#
.....#..##.~~~~~~~.......#
.....#..##.........###...#
.....#..##..#........#####
######..##..#........#


You could see 2 yaks.

Vanquished Creatures
  An orc warlord (Bailey)
  Pikel (D:6)
  An elephant (D:8)
  A gargoyle (D:10)
  Grinder (D:3)
  2 wraiths
  A shadow (D:8)
  12 yaks
  A wyvern (D:10)
  A basilisk (D:8)
  3 steam dragons
  A water moccasin (D:6)
  A black bear (D:8)
  Pargi (D:3)
  9 orc warriors
  2 ice beasts
  2 sky beasts (D:7)
  An ogre (D:5)
  4 centaurs
  2 phantoms
  2 kobold brigands
  5 bullfrogs
  A gnoll sergeant (D:6)
  2 scorpions
  7 wights
  7 killer bees
  7 hounds
  3 orc priests
  A gnoll bouda (D:6)
  2 sleepcaps (D:6)
  Ijyb (D:3)
  3 iguanas
  4 orc wizards
  Natasha (thrice) (D:2)
  24 gnolls
  6 adders
  A shadow imp (D:7)
  An ufetubus (D:5)
  A worm (D:3)
  5 dart slugs
  35 orcs
  5 bats
  14 endoplasms
  3 giant cockroaches
  16 hobgoblins
  7 jackals
  18 kobolds
  4 quokkas
  3 ball pythons
  A frilled lizard (D:3)
  16 goblins
  6 rats
262 creatures vanquished.

Notes
Turn   | Place    | Note
-------+----------+-------------------------------------------
     0 | D:1      | Kurtz the Octopode Fighter began the quest for the Orb.
     0 | D:1      | Reached XP level 1. HP: 16/16 MP: 1/1
   264 | D:1      | Reached XP level 2. HP: 21/21 MP: 2/2
   294 | D:1      | Reached skill level 3 in Axes
   935 | D:1      | Reached XP level 3. HP: 26/26 MP: 3/3
  1619 | D:2      | Noticed Natasha
  1623 | D:2      | Killed Natasha
  1624 | D:2      | Reached skill level 4 in Axes
  1624 | D:2      | Reached XP level 4. HP: 21/31 MP: 4/4
  1631 | D:2      | Noticed Natasha
  1636 | D:2      | Killed Natasha
  1844 | D:2      | Noticed Natasha
  1851 | D:2      | Killed Natasha
  1852 | D:2      | Reached skill level 5 in Axes
  1852 | D:2      | Reached XP level 5. HP: 22/36 MP: 5/5
  2531 | D:3      | Noticed Grinder
  2537 | D:3      | Killed Grinder
  2538 | D:3      | Reached skill level 6 in Axes
  2538 | D:3      | Reached XP level 6. HP: 31/42 MP: 6/6
  2543 | D:3      | Found a hide-covered altar of Uskayaw.
  2607 | D:3      | Noticed Ijyb
  2615 | D:3      | Killed Ijyb
  2837 | D:3      | Found a faded altar of an unknown god.
  2839 | D:3      | Noticed Pargi
  2847 | D:3      | Killed Pargi
  2848 | D:3      | Reached skill level 7 in Axes
  2848 | D:3      | Reached XP level 7. HP: 44/46 MP: 7/7
  4041 | D:4      | Learned a level 4 spell: Summon Ice Beast
  4080 | D:5      | Entered Level 5 of the Dungeon
  4204 | D:5      | Reached skill level 8 in Axes
  4242 | D:5      | Found an ancient bone altar of Kikubaaqudgha.
  4322 | D:5      | Found a staircase to the Ecumenical Temple.
  4339 | Temple   | Entered the Ecumenical Temple
  4349 | Temple   | Became a worshipper of Warmaster Okawaru
  4533 | D:5      | Found a glowing golden altar of the Shining One.
  4802 | D:5      | Reached XP level 8. HP: 52/52 MP: 8/8
  5106 | D:5      | Found a radiant altar of Vehumet.
  5257 | D:6      | Reached skill level 9 in Axes
  5257 | D:6      | Reached skill level 5 in Dodging
  5270 | D:6      | Reached * piety under Okawaru
  5333 | D:6      | Noticed Pikel
  5341 | D:6      | Killed Pikel
  5341 | D:6      | Reached ** piety under Okawaru
  5344 | D:6      | Reached XP level 9. HP: 56/56 MP: 9/9
  5619 | D:6      | Reached skill level 10 in Axes
  5949 | D:6      | Found a glowing silver altar of Zin.
  5981 | D:6      | Found a stormy altar of Qazlal.
  6246 | D:7      | Reached *** piety under Okawaru
  6459 | D:7      | Found a transporter.
  6463 | D:7      | Identified the +2 kite shield of Tuwaxka {Will++ MP+9
                  | Slay+5}
  6483 | D:7      | Noticed bahustanut's ghost (novice OpSh)
  6501 | D:7      | Found a transporter.
  7534 | D:8      | Noticed an elephant
  7550 | D:8      | Reached XP level 10. HP: 63/63 MP: 10/10
  7604 | D:8      | Reached **** piety under Okawaru
  8179 | D:8      | Found a staircase to the Lair.
  8454 | D:8      | Killed an elephant
  8699 | D:8      | Found a shimmering blue altar of Sif Muna.
  8964 | D:9      | Reached skill level 5 in Shields
  9150 | D:9      | Found a bloodstained altar of Trog.
  9156 | D:9      | Reached skill level 10 in Dodging
  9352 | D:9      | Identified the +4 ring mail of Bad Feelings {rF- Str+5
                  | Dex+2}
  9517 | D:9      | Reached ***** piety under Okawaru
  9783 | D:9      | Found Qyas Lub's Jewellery Boutique.
  9806 | D:9      | Bought a ring of poison resistance for 300 gold pieces
 10031 | D:10     | Entered Level 10 of the Dungeon
 10098 | D:10     | Found a flagged portal.
 10121 | Bailey   | Entered a bailey
 10317 | Bailey   | Reached skill level 5 in Fighting
 10343 | Bailey   | Noticed an orc warlord
 10451 | Bailey   | Killed an orc warlord
 10452 | Bailey   | Reached skill level 11 in Axes
 10452 | Bailey   | Reached XP level 11. HP: 72/72 MP: 3/11
 11673 | D:10     | Found a sacrificial altar of Ru.
 11978 | D:10     | Found Junuqayk's Antique Armour Boutique.
 12137 | D:10     | Found an ornate altar of the Wu Jian Council.
 12165 | D:11     | Noticed a cyclops
 12291 | D:10     | Mangled by a yak

Illustrated notes

Levels and vault maps discovered:
D:1:      minmay_arrival_split_and_join, layout_loops_ring,
          dreamdust_wishing_well, chequers_serial_rivers_micro_c
D:2:      layout_basic, uniq_natasha
D:3:      layout_rooms, nicolae_uskayaw_murder_on_the_dancefloor,
          shapermc_ecumenical_altar_mp_ritualfount, uniq_ijyb, uniq_pargi,
          uniq_grinder
D:4:      layout_loops_corners
D:5:      layout_loops_ring, lemuel_round_altar, overflow_temple_1_default,
          marbit_many_paths, minmay_temple_entry_sparse_star,
          grunt_ministairs_14
D:6:      layout_basic, mainiacjoe_overflow_two_lobes, uniq_pikel
D:7:      layout_basic, gammafunk_ghost_gnarly_gnolls
D:8:      layout_cave_pools, led_sif_pool, david_lair_generic
D:9:      layout_rooms, bloody_trog, serial_shops, shop
D:10:     layout_gridville, mainiacjoe_overflow_tiny_flanked,
          kennysheep_little_box, enter_bailey_4, serial_shops,
          nicolae_shop_back_alley_shop
D:11:     layout_irregular_city
Temple:   nicolae_temple_x_marks_the_god

Skill      XL: |  1  2  3  4  5  6  7  8  9 10 11 |
---------------+----------------------------------+-----
Axes           | 3 4 5 6 7 8 9 10 11 | 11.4
Dodging        | 4 6 9 10 | 10.9
Shields        | 6 7 |  7.1
Fighting       | 5 6 |  6.4

Action                     |  1- 3 |  4- 6 |  7- 9 | 10-12 || total
---------------------------+-------+-------+-------+-------++-------
  Melee: War axe           |    59 |    14 |       |       ||    73
         Tentacles         |    10 |    10 |    69 |    97 ||   186
         Constrict         |    12 |    13 |    51 |    61 ||   137
         Punch             |       |     3 |    10 |    10 ||    23
         Flail             |       |    33 |   255 |    80 ||   368
         Hand axe          |       |       |       |   273 ||   273
  Throw: Dart              |       |       |     4 |    21 ||    25
 Invoke: Heroism           |       |       |     2 |     3 ||     5
         Finesse           |       |       |       |     1 ||     1
  Evoke: Wand              |       |       |    12 |    10 ||    22
    Use: Potion            |       |     2 |       |     2 ||     4
         Scroll            |       |       |       |    16 ||    16
   Stab: Sleeping          |    11 |     3 |    13 |       ||    27
         Distracted        |       |       |       |     1 ||     1
 Armour: Skin              |    24 |    22 |   116 |   124 ||   286
  Dodge: Dodged            |    42 |    26 |   162 |   189 ||   419
  Block: Buckler           |     7 |     5 |    44 |       ||    56
         Kite shield       |       |       |    39 |   160 ||   199

Table legend: (Time is in decaauts)
 A = Elapsed time spent in this place.
 B = Non-inter-level travel time spent in this place.
 C = Inter-level travel time spent in this place.
 D = Time resting spent in this place.
 E = Time spent auto-exploring this place.
 F = Levels seen in this place.
 G = Mean time per level.
                   A        B        C        D        E       F      G
               +--------+--------+--------+--------+--------+-----+--------+
         Total |  12350 |  11588 |    762 |   2724 |   6457 |  13 |  950.0 |
       Dungeon |  11346 |  10603 |    743 |   2339 |   6351 |  11 | 1031.5 |
        Temple |    131 |    112 |     19 |     95 |      0 |   1 |  131.0 |
        Bailey |    872 |    872 |      0 |    290 |    106 |   1 |  872.0 |
               +--------+--------+--------+--------+--------+-----+--------+

Top non-repeatable levels by time:
     D:7: 1595 daAuts
     D:8: 1390 daAuts
     D:1: 1352 daAuts
    D:10: 1330 daAuts
     D:2: 1187 daAuts
     D:5: 1045 daAuts
     D:9: 984 daAuts
     D:4: 882 daAuts
  Bailey: 872 daAuts
     D:6: 860 daAuts
     D:3: 684 daAuts
  Temple: 131 daAuts
    D:11: 32 daAuts
